 Dungeon Crawl Stone Soup version 0.18.1-6-gd335043 (webtiles) character file.

353910 mopl the Unseen (level 20, -3/158 HPs)
             Began as a Vampire Transmuter on May 16, 2016.
             Was the Champion of Kikubaaqudgha.
             Splashed by an acid blob's acid (7 damage)
             ... created by the Royal Jelly
             ... on level 6 of the Pits of Slime on May 17, 2016.
             The game lasted 03:46:30 (67910 turns).

mopl the Unseen (Vampire Transmuter)               Turns: 67910, Time: 03:46:31

Health: -3/158     AC:  6    Str: 10    XL:     20   Next: 99%
Magic:  32/32      EV: 30    Int: 19    God:    Kikubaaqudgha [******]
Gold:   3612       SH: 11    Dex: 23    Spells: 10 memorised, 0 levels left

rFire  + + .     SeeInvis +     a - +9 rapier (pain)
rCold  + + +     Gourm    .     z - +2 robe {rC+ rF+}
rNeg   + + +     Faith    .     o - +1 buckler {reflect}
rPois  ∞         Spirit   .     g - +0 helmet
rElec  +         Dismiss  .     c - +0 cloak
rCorr  .         Reflect  +     B - +2 pair of gloves of Kuqumeto {rF+ Dex+3}
SustAt .         Harm     .     w - +2 pair of boots of the Leaf {*Contam rElec Dex-2 Slay+5, !d}
MR     ++++.                    v - +4 amulet of reflection
Stlth  +++++++++.               A - +5 ring of protection {=R}
                                l - ring of the Mage {Wiz MR++ Int+3}

@: corroded, very slightly contaminated, bloodless, non-regenerating, incredibly
resistant to hostile enchantments, incredibly stealthy
A: fangs 3, see invisible, berserk 1, unbreathing
a: Bat Form, Receive Corpses, Torment, Renounce Religion
}: 3/15 runes: decaying, abyssal, gossamer


You were on level 6 of the Pits of Slime.
You worshipped Kikubaaqudgha.
Kikubaaqudgha was exalted by your worship.
You were bloodless.

You visited 9 branches of the dungeon, and saw 44 of its levels.
You visited the Abyss 1 time.
You also visited: Labyrinth.

You collected 5561 gold pieces.
You spent 1949 gold pieces at shops.

Inventory:

Hand Weapons
 a - a +9 rapier of pain (weapon)
 b - the +13 sword of the Doom Knight {pain, -Cast MR+}
   (You found it on level 15 of the Dungeon)

   In the hands of one skilled in necromantic magic, it inflicts extra damage on
   living creatures.
   It affects your resistance to hostile enchantments.
   It prevents spellcasting.
Missiles
 i - 1631 arrows
 n - 55 tomahawks (quivered)
 M - 3 throwing nets
Armour
 c - a +0 cloak (worn)
 g - a +0 helmet (worn)
 o - a +1 buckler of reflection (worn)
 w - the +2 pair of boots of the Leaf (worn) {*Contam rElec Dex-2 Slay+5, !d}
   (You found it on level 8 of the Lair of Beasts)

   It affects your dexterity (-2).
   It affects your accuracy and damage with ranged weapons and melee attacks
   (+5).
   It insulates you from electricity.
   It causes magical contamination when unequipped.
 z - a +2 robe of resistance (worn)
 B - the +2 pair of gloves of Kuqumeto (worn) {rF+ Dex+3}
   (You acquired it on level 3 of the Spider Nest)

   It affects your dexterity (+3).
   It protects you from fire.
Rods
 q - a -2 lightning rod (13/13)
   (You found it on level 14 of the Dungeon)
Jewellery
 l - the ring of the Mage (left hand) {Wiz MR++ Int+3}
   (You bought it in a shop on level 2 of the Orcish Mines)

   [ring of wizardry]

   It improves your spell success rate.
   It affects your intelligence (+3).
   It affects your resistance to hostile enchantments.
 v - a +4 amulet of reflection (around neck)
 A - a +5 ring of protection (right hand) {=R}
 N - the ring "Dooxzof" {rCorr +Fly rElec Stlth+}
   (You found it in a labyrinth)

   [ring of resist corrosion]

   It insulates you from electricity.
   It lets you fly.
   It makes you more stealthy.
Wands
 k - a wand of disintegration (1/24)
 s - a wand of hasting (3/9)
 t - a wand of paralysis (5/24)
 u - a wand of confusion (19/48)
 V - a wand of teleportation (3/9)
 Y - a wand of digging (11/24)
Scrolls
 e - 2 scrolls of immolation {!r}
 f - 13 scrolls of teleportation
 h - 12 scrolls of magic mapping
 m - 5 scrolls of fear
 x - 3 scrolls of blinking
 C - a scroll of silence {!r}
 F - 2 scrolls of vulnerability
 I - 5 scrolls of fog
 Q - 4 scrolls of identify
 R - 4 scrolls of remove curse
 W - 5 scrolls of summoning
Potions
 j - 13 potions of curing
 p - 4 potions of haste
 r - 10 potions of might
 J - a potion of resistance {!q}
 O - 2 potions of agility
 P - 4 potions of cancellation
Miscellaneous
 y - a fan of gales
 E - a phantom mirror
 G - a phial of floods (inert)


   Skills:
 + Level 13.9 Fighting
 - Level 14.0(16.6) Short Blades
 * Level 14.2(16.0) Long Blades
 - Level 3.6 Throwing
 - Level 4.0 Armour
 + Level 16.5 Dodging
 - Level 20.0 Stealth
 - Level 5.0 Shields
 - Level 3.2 Unarmed Combat
 + Level 8.9 Spellcasting
 - Level 8.0 Hexes
 + Level 6.4 Summonings
 - Level 16.0 Necromancy
 - Level 3.0 Transmutations
 + Level 7.5 Ice Magic
 + Level 2.2 Earth Magic


You couldn't memorise any spells.
You knew the following spells:

 Your Spells              Type           Power        Failure   Level  Hunger
a - Vampiric Draining     Necr           ######....   1%          3    None
b - Death Channel         Necr           ######....   1%          6    ######.
c - Corpse Rot            Necr           N/A          1%          2    None
d - Dispel Undead         Necr           ######..     1%          5    #####..
f - Cause Fear            Hex            #####.....   1%          4    ###....
l - Simulacrum            Ice/Necr       ######....   4%          6    ######.
p - Passwall              Trmt/Erth      ###.......   2%          2    None
w - Sticks to Snakes      Trmt           ###.....     1%          2    None
x - Animate Skeleton      Necr           N/A          0%          1    None
L - Aura of Abjuration    Summ           ####......   7%          5    #####..


Dungeon Overview and Level Annotations

Branches:
Dungeon (15/15)            Temple (1/1) D:5            Lair (8/8) D:10
  Swamp (4/4) Lair:3       Spider (4/4) Lair:6        Slime (6/6) Lair:6
    Orc (2/2) D:12            Elf (3/3) Orc:2        Vaults (1/5) D:13
 Depths (0/5) D:15

Altars:
Ashenzari
Cheibriados
Dithmenos
Elyvilon
Fedhas
Gozag
Kikubaaqudgha
Makhleb
Nemelex Xobeh
Okawaru
Pakellas
Qazlal
Ru
Sif Muna
Trog
Vehumet
Xom
Yredelemnul
Zin
The Shining One
Beogh
Jiyva

Shops:
D:5 (   D:9 *   D:12 (}(   Orc:2 *([=   Elf:1 }

Portals:
Trove: D:11 (give 5 potions of resistance)

Annotations:
Slime:6 Royal Jelly
Elf:1 summon books
Elf:2 2 runed doors


Innate Abilities, Weirdness & Mutations

You do not heal naturally.
You are immune to poison.
You have razor-sharp teeth.
You have supernaturally acute eyesight.
You can survive without breathing.
You tend to lose your temper in combat.


Message History

The acid burns!
Unknown command.
You hit the acid blob.
The acid blob writhes in agony.
The acid corrodes you!
Your hands burn!
The acid blob is almost dead.
You feel yourself slow down.
The acid blob is engulfed in roaring flames.
The acid blob spits acid at you. The splash of acid hits you!
* * * LOW HITPOINT WARNING * * *
The acid burns!
* * * LOW HITPOINT WARNING * * *
Drink which item? (? for menu, Esc to quit)
Okay, then.
Drink which item? (? for menu, Esc to quit)
You feel much better. The acid blob hits you!!
* * * LOW HITPOINT WARNING * * *
You are splashed with acid!
The acid burns!
You die...
Kikubaaqudgha rasps: "You have failed me!
Welcome... oblivion!"

.............J...................
..J.......≈≈≈.J.J................
...J..J...≈≈≈JJJGJ...............
.........JJJ≈≈JJJJ...............
..........J###.#JJ.##............
...........# ###J#####...........
.........### #§§# ##..........
........## #J## #..........
.......## #.@# ###........
.......# ##.# ##....... .......#
#..# #........ ......## #.##
##.......
.......########..########........
.........#...#._..#...#..........
......##...#........#...##.......
.......########..#########.......
.......# #.## #.......


You could see an acid blob (inner flame).

Vanquished Creatures
  Arachne (Spider:4)
  A bone dragon (Swamp:3)
  Rupert (Orc:2)
  2 deep elf blademasters (Elf:3)
  12 acid blobs
  A kraken (Abyss:3)
  A tengu reaver (D:15)
  Kirke (Swamp:4)
  Agnes (Elf:1)
  3 thorn hunters
  A shadow dragon (D:15)
  4 azure jellies
  Maud (D:13)
  6 ghost moths
  A frost giant (D:15)
  6 deep elf sorcerers (Elf:3)
  3 deep elf elementalists
  3 emperor scorpions (Spider:4)
  2 very ugly things
  Nessos (D:13)
  4 deep elf demonologists
  8 deep elf annihilators
  Azrael (D:14)
  The ghost of Moloch the Severer, a journeyman DsFi of Okawaru (Lair:6)
  A spark wasp (Spider:4)
  An ettin (Orc:2)
  A blizzard demon (Abyss:2)
  Snorg (D:14)
  4 deep elf death magi
  A vault guard (D:13)
  A minotaur (Lab)
  Josephine (D:13)
  4 great orbs of eyes
  A green death (Abyss:2)
  2 death oozes (Slime:6)
  A yaktaur captain (Vaults:1)
  22 hydras
  5 deep elf high priests
  8 alligators
  3 entropy weavers
  11 centaur warriors
  5 ghost crabs
  A catoblepas (Lair:5)
  15 dancing weapons
  2 ogre magi
  2 deep troll earth magi (D:15)
  Erica (D:10)
  A tengu warrior (D:15)
  4 thrashing horrors
  Urug (Lair:3)
  4 orc high priests
  4 death yaks
  23 deep elf knights
  A spatial maelstrom (Abyss:3)
  A wretched star (Abyss:2)
  2 shadow demons (Elf:1)
  A shambling mangrove (Swamp:2)
  A death drake (Abyss:3)
  7 unseen horrors
  11 deep elf archers
  2 giant orange brains
  4 swamp dragons
  A spectral hydra (Swamp:4)
  A statue (Abyss:3)
  2 orc knights
  3 oklob plants (Lair:2)
  19 orb spiders
  An orange crystal statue (D:9)
  3 orc sorcerers
  2 manticores
  A wizard (D:15)
  5 ugly things
  10 cyclopes
  71 deep elf magi
  6 griffons
  3 hornets (Spider:4)
  A shadow dragon skeleton (Abyss:2)
  6 shining eyes
  8 hill giants
  34 wolf spiders
  A sixfirhy (Abyss:3)
  2 worldbinders (Abyss:2)
  A vault sentinel (Vaults:1)
  The ghost of Aelig the Conjurer, a novice OpWz of Ashenzari (D:6)
  A fire giant skeleton (Abyss:3)
  6 black mambas
  2 centaur zombies
  A torpor snail (Spider:4)
  A guardian serpent (shapeshifter) (D:14)
  An eye of devastation (Slime:4)
  21 elephants
  17 spiny frogs
  5 smoke demons
  3 gargoyles
  An efreet (D:15)
  4 kobold demonologists
  A yaktaur (shapeshifter) (D:12)
  5 swamp worm zombies (Swamp:4)
  3 rime drakes
  A komodo dragon (shapeshifter) (Elf:1)
  6 yaktaurs (Vaults:1)
  22 demonic crawlers
  An ancient zyme (Abyss:3)
  A tengu conjurer (D:15)
  2 hydra zombies (Swamp:4)
  11 komodo dragons
  4 spriggan druids
  30 jumping spiders
  A queen bee (Lair:3)
  10 trolls
  A wolf spider simulacrum (D:14)
  7 giant leeches
  14 polar bears
  4 two-headed ogres
  5 raiju (Abyss:3)
  7 blink frogs
  89 slime creatures
  4 alligator zombies (Swamp:4)
  A spectral swamp dragon (Swamp:4)
  12 bog bodies
  4 boulder beetles
  3 shadows
  An air elemental (Elf:3)
  4 wraiths
  A redback (shapeshifter) (D:14)
  78 redbacks
  19 spriggans
  3 water elementals (Elf:3)
  22 tarantellas
  2 vampires
  A yak (shapeshifter) (D:13)
  A hippogriff (shapeshifter) (D:15)
  2 basilisks
  A wyvern (D:9)
  3 hogs (Swamp:4)
  34 yaks
  16 hippogriffs
  7 hungry ghosts
  9 golden eyes
  2 neqoxecs
  A steam dragon (D:13)
  9 fire elementals
  20 vampire mosquitoes
  Menkaure (D:6)
  2 mottled dragons (D:15)
  3 wargs
  A redback simulacrum (D:15)
  2 large abominations
  21 swamp worms
  13 insubstantial wisps
  6 small abominations
  5 hell hounds
  9 porcupines
  14 water moccasins
  3 ice beasts
  4 sky beasts
  11 phantoms
  47 orc warriors
  8 swamp drakes
  20 wasps
  A black bear (shapeshifter) (D:15)
  A necrophage (D:6)
  A starcursed mass (Abyss:2)
  12 black bears
  7 eyes of draining
  5 swamp dragon zombies (Swamp:4)
  2 boggarts (Elf:1)
  31 wolves
  15 centaurs
  16 crocodiles
  10 ogres
  4 big kobolds
  Blork the orc (D:5)
  18 giant frogs
  An earth elemental (Elf:3)
  A wyvern zombie (D:13)
  9 scorpions
  28 killer bees
  11 wights
  5 electric eels
  5 howler monkeys
  11 crimson imps
  2 quasits
  4 giant frog zombies
  13 hounds
  26 jellies
  3 giant frog skeletons
  27 orc priests
  12 centaur skeletons
  A gnoll shaman (D:10)
  30 orc wizards
  6 hell rats (Lair:4)
  10 iguanas
  4 spectral swamp drakes (Swamp:4)
  8 worker ants
  A sheep (Lair:3)
  2 hound zombies (D:9)
  A worker ant zombie (D:7)
  13 gnolls
  2 howler monkey skeletons (D:9)
  15 adders
  56 river rats
  2 swamp drake zombies (Swamp:4)
  8 shadow imps
  2 white imps
  An ooze (D:3)
  2 adder skeletons
  2 adder zombies
  3 worms
  2 dart slugs
  5 giant geckos
  124 orcs
  18 bats
  6 giant cockroaches
  8 goblins
  8 hobgoblins
  20 jackals
  18 kobolds
  3 quokkas
  2 ball pythons
  A giant gecko zombie (D:6)
  4 giant newts
  2 quokka skeletons
  A quokka zombie (D:6)
  27 rats
  A fungus (Lair:2)
  3 plants
1831 creatures vanquished.

Vanquished Creatures (collateral kills)
  A deep elf master archer (Elf:3)
  An orc warlord (Orc:2)
  3 deep elf annihilators (Elf:3)
  A hydra (Lair:2)
  A dancing weapon (Elf:1)
  A deep elf knight (Elf:3)
  6 deep elf magi
  2 elephants
  A torpor snail (Lair:4)
  A centaur skeleton (D:12)
  A polar bear (Lair:1)
  A troll (Orc:2)
  2 yaks (Lair:3)
  A fire elemental (Elf:2)
  A porcupine (Lair:1)
  A wasp (D:12)
  7 black bears (Lair:1)
  An orc warrior (Orc:2)
  A vampire bat (Lair:1)
  2 orc wizards
  A hell rat (Lair:4)
  An adder (D:2)
  3 river rats (Lair:4)
  3 orcs (Orc:2)
  A kobold (D:3)
  2 rats (Lair:4)
  3 plants (Lair:1)
50 creatures vanquished.

Vanquished Creatures (others)
  An ironheart preserver (Vaults:1)
  A deep elf death mage (Vaults:1)
  A flayed ghost (Vaults:1)
  A deep elf archer (Elf:3)
  2 deep elf magi
  A cyclops (D:14)
  3 yaktaurs (Vaults:1)
  A yak (Lair:3)
  2 insubstantial wisps (Swamp:4)
  A centaur (D:12)
  A small abomination (Abyss:2)
  An orc wizard (D:8)
  2 orcs (Orc:1)
  A quokka (D:9)
  8 bushes (D:9)
  30 fungi
  20 plants
77 creatures vanquished.

Grand Total: 1958 creatures vanquished

Notes
Turn   | Place    | Note
--------------------------------------------------------------
     0 | D:1      | mopl the Vampire Transmuter began the quest for the Orb.
     0 | D:1      | Reached XP level 1. HP: 14/14 MP: 3/3
   117 | D:1      | Reached skill level 1 in Stealth
   174 | D:1      | Reached skill level 2 in Stealth
   247 | D:1      | Reached XP level 2. HP: 20/20 MP: 5/5
   272 | D:1      | Reached skill level 3 in Stealth
   681 | D:2      | Learned a level 2 spell: Sticks to Snakes
   800 | D:2      | Reached skill level 4 in Stealth
   937 | D:2      | Reached skill level 1 in Short Blades
   937 | D:2      | Reached XP level 3. HP: 22/25 MP: 3/6
  1019 | D:2      | HP: 1/25 [poisoned by an adder]
  1288 | D:2      | Found a basalt altar of Yredelemnul.
  1364 | D:2      | Reached skill level 2 in Short Blades
  1364 | D:2      | Reached XP level 4. HP: 30/31 MP: 7/7
  1410 | D:2      | Found a burning altar of Makhleb.
  1417 | D:2      | Reached skill level 5 in Stealth
  1623 | D:3      | Found a deep blue altar of Sif Muna.
  1917 | D:3      | Reached skill level 3 in Short Blades
  1917 | D:3      | Reached XP level 5. HP: 12/36 MP: 1/8
  2019 | D:3      | Found a shimmering altar of Xom.
  2146 | D:3      | Reached skill level 6 in Stealth
  2765 | D:4      | Reached skill level 7 in Stealth
  2793 | D:4      | Noticed a phantom
  3200 | D:4      | Reached XP level 6. HP: 38/42 MP: 9/9
  3222 | D:4      | Reached skill level 4 in Short Blades
  3871 | D:4      | Reached skill level 8 in Stealth
  3925 | D:4      | Reached skill level 5 in Short Blades
  4202 | D:3      | Found a radiant altar of Vehumet.
  4283 | D:5      | Entered Level 5 of the Dungeon
  4332 | D:5      | Reached XP level 7. HP: 30/47 MP: 10/10
  4371 | D:5      | Found a staircase to the Ecumenical Temple.
  4380 | Temple   | Entered the Ecumenical Temple
  4455 | D:5      | Found Dackace's Antique Weapon Boutique.
  4471 | D:5      | Found an ancient bone altar of Kikubaaqudgha.
  4473 | D:5      | Found a blossoming altar of Fedhas.
  4480 | D:5      | Became a worshipper of Kikubaaqudgha
  4526 | D:5      | Reached skill level 9 in Stealth
  4547 | D:5      | Found a glowing golden altar of the Shining One.
  4910 | D:5      | Reached skill level 1 in Necromancy
  4959 | D:5      | Reached skill level 2 in Necromancy
  5570 | D:5      | Reached skill level 10 in Stealth
  5637 | D:6      | Reached skill level 3 in Necromancy
  5680 | D:6      | Reached XP level 8. HP: 53/53 MP: 11/11
  5764 | D:6      | Noticed Menkaure
  5766 | D:6      | Noticed Aelig's ghost (novice OpWz)
  6045 | D:6      | Noticed Blork the orc
  6097 | D:6      | Killed Menkaure
  6097 | D:6      | Reached skill level 4 in Necromancy
  6115 | D:5      | Killed Blork the orc
  6115 | D:5      | Reached skill level 6 in Short Blades
  6408 | D:6      | Reached skill level 11 in Stealth
  6478 | D:6      | Killed Aelig's ghost
  6478 | D:6      | Reached skill level 5 in Necromancy
  6885 | D:7      | Reached * piety under Kikubaaqudgha
  6885 | D:7      | Received a gift from Kikubaaqudgha
  6885 | D:7      | Reached skill level 12 in Stealth
  6886 | D:7      | Identified Kikubaaqudgha's Catalogue of Dark Secrets (Kikubaaqudgha gifted it to you on level 7 of the Dungeon)
  6889 | D:7      | Learned a level 1 spell: Animate Skeleton
  6892 | D:7      | Learned a level 2 spell: Corpse Rot
  6896 | D:7      | Learned a level 3 spell: Vampiric Draining
  7084 | D:7      | Reached skill level 6 in Necromancy
  7095 | D:7      | Reached XP level 9. HP: 34/58 MP: 6/12
  7330 | D:7      | Reached skill level 7 in Short Blades
  7390 | D:7      | Found a glowing silver altar of Zin.
  8048 | D:5      | Bought a shimmering rapier for 288 gold pieces
  8048 | D:5      | Identified the cursed +2 rapier "Vampire's Bane" {freeze, rPois rN+ MP+9} (You bought it in a shop on level 5 of the Dungeon)
  8087 | D:7      | Found an opulent altar of Gozag.
  8087 | D:7      | Found a white marble altar of Elyvilon.
  8088 | D:7      | Found a stormy altar of Qazlal.
  8200 | D:8      | Reached skill level 13 in Stealth
  8375 | D:8      | Reached skill level 7 in Necromancy
 10632 | D:8      | Reached skill level 14 in Stealth
 10825 | D:7      | Reached skill level 8 in Necromancy
 11427 | D:8      | Reached XP level 10. HP: 64/64 MP: 13/13
 11520 | D:8      | Reached skill level 8 in Short Blades
 11739 | D:9      | Found a runed door.
 11990 | D:8      | Found a glowing golden altar of the Shining One.
 12206 | D:9      | Found a runed door.
 12223 | D:9      | Found a runed door.
 12234 | D:9      | Found a runed door.
 12263 | D:9      | Found Foerchu's General Store.
 12464 | D:9      | Reached ** piety under Kikubaaqudgha
 12471 | D:9      | Reached skill level 15 in Stealth
 13130 | D:10     | Entered Level 10 of the Dungeon
 13131 | D:10     | Found a staircase to the Lair.
 13169 | D:10     | Reached skill level 9 in Necromancy
 13271 | D:9      | Reached skill level 1 in Fighting
 13902 | D:10     | Reached skill level 1 in Shields
 15626 | D:10     | Reached skill level 3 in Dodging
 15633 | D:10     | Reached skill level 2 in Fighting
 15672 | D:10     | Noticed a manticore
 15672 | D:10     | Reached skill level 2 in Shields
 15675 | D:10     | Noticed Erica
 16031 | D:10     | Killed Erica
 16031 | D:10     | Reached skill level 9 in Short Blades
 16031 | D:10     | Reached skill level 16 in Stealth
 16068 | D:10     | Killed a manticore
 16068 | D:10     | Reached XP level 11. HP: 40/73 MP: 2/14
 16232 | D:10     | Reached skill level 4 in Dodging
 17342 | D:10     | Found a sacrificial altar of Ru.
 17437 | Lair:1   | Entered Level 1 of the Lair of Beasts
 17519 | Lair:1   | Noticed a seven-headed hydra
 17557 | Lair:1   | Reached skill level 3 in Fighting
 17588 | Lair:1   | Reached skill level 3 in Shields
 17722 | Lair:1   | Found a labyrinth entrance.
 17731 | Lab      | Entered a labyrinth
 17967 | Lab      | Noticed a minotaur
 17992 | Lab      | Killed a minotaur
 18010 | Lab      | Got a crude lapis lazuli ring
 18011 | Lab      | Got a scorched ring mail
 18020 | Lab      | Identified the ring "Dooxzof" {rCorr +Fly rElec Stlth+} (You found it in a labyrinth)
 18499 | Lab      | Identified the cursed +1 ring mail of the Swan {rPois} (You found it in a labyrinth)
 18684 | Lair:1   | Reached skill level 17 in Stealth
 18845 | Lair:1   | Reached skill level 5 in Dodging
 18846 | Lair:1   | Reached skill level 4 in Shields
 19088 | Lair:1   | Reached *** piety under Kikubaaqudgha
 19088 | Lair:1   | Received a gift from Kikubaaqudgha
 19088 | Lair:1   | Reached skill level 4 in Fighting
 19089 | Lair:1   | Identified Kikubaaqudgha's Disquisition on Stolen Souls (Kikubaaqudgha gifted it to you on level 1 of the Lair of Beasts)
 19391 | Lair:1   | Learned a level 5 spell: Dispel Undead
 19435 | D:11     | Noticed an unseen horror
 19436 | D:11     | Killed an unseen horror
 19444 | D:11     | Found a portal to a secret trove of treasure.
 19674 | D:11     | Noticed an unseen horror
 19729 | D:11     | Killed an unseen horror
 19729 | D:11     | Reached skill level 10 in Short Blades
 19729 | D:11     | Reached XP level 12. HP: 37/84 MP: 15/15
 20149 | D:11     | Reached skill level 6 in Dodging
 20162 | D:11     | Reached skill level 18 in Stealth
 20162 | D:11     | Reached skill level 5 in Shields
 20424 | D:11     | Reached **** piety under Kikubaaqudgha
 20605 | D:12     | Found Baefyb Yluurr's Antique Weapon Boutique.
 20684 | D:12     | Found Beomaov's Gadget Shop.
 20765 | D:12     | Reached skill level 5 in Fighting
 20883 | D:12     | Found Zuguungepo's Weapon Boutique.
 20914 | D:12     | Noticed a five-headed hydra
 20958 | D:12     | Killed a five-headed hydra
 20958 | D:12     | Reached skill level 7 in Dodging
 21260 | D:12     | Found a staircase to the Orcish Mines.
 21739 | D:13     | Found a bloodstained altar of Trog.
 21739 | D:13     | Noticed a centaur warrior
 21745 | D:13     | Killed a centaur warrior
 21745 | D:13     | Reached skill level 19 in Stealth
 21992 | D:13     | Noticed Josephine
 22000 | D:13     | Killed Josephine
 22000 | D:13     | Reached skill level 3 in Spellcasting
 22296 | D:13     | Reached skill level 6 in Fighting
 22512 | D:13     | Noticed a six-headed hydra
 22519 | D:13     | Killed a six-headed hydra
 22616 | D:13     | Noticed Nessos
 22616 | D:13     | Noticed a centaur warrior
 22757 | D:13     | Reached XP level 13. HP: 93/93 MP: 18/18
 22765 | D:13     | Reached ***** piety under Kikubaaqudgha
 22768 | D:13     | Reached skill level 11 in Short Blades
 22768 | D:13     | Reached skill level 8 in Dodging
 22778 | D:13     | Found a gate to the Vaults.
 22778 | D:13     | Noticed a vault guard
 22781 | D:13     | Killed a vault guard
 22843 | D:13     | Noticed Maud
 22861 | D:13     | Killed Maud
 22895 | D:13     | Reached skill level 20 in Stealth
 22895 | D:13     | Reached skill level 4 in Spellcasting
 23333 | Lair:2   | Got a scorched chain mail
 24126 | Lair:3   | Noticed Urug
 24166 | Lair:3   | Reached skill level 7 in Fighting
 24186 | Lair:3   | Killed Urug
 24612 | Lair:3   | Reached skill level 9 in Dodging
 24612 | Lair:3   | Reached skill level 5 in Spellcasting
 24883 | Lair:3   | Found a staircase to the Swamp.
 25947 | Lair:4   | Reached skill level 10 in Necromancy
 25964 | Lair:4   | Reached skill level 12 in Short Blades
 26386 | Lair:4   | Reached XP level 14. HP: 80/104 MP: 21/21
 26969 | Lair:3   | Reached skill level 8 in Fighting
 27949 | Lair:5   | Reached skill level 10 in Dodging
 28631 | Lair:1   | Learned a level 6 spell: Death Channel
 28847 | Lair:6   | Found a staircase to the Slime Pits.
 28848 | Lair:6   | Found a viscous altar of Jiyva.
 29298 | Lair:6   | Found a hole to the Spider Nest.
 29365 | Lair:6   | Noticed Moloch's ghost (journeyman DsFi)
 29371 | Lair:6   | Killed Moloch's ghost
 29371 | Lair:6   | Reached skill level 11 in Necromancy
 29880 | Lair:7   | Reached ****** piety under Kikubaaqudgha
 30372 | Lair:5   | Identified a +2 rapier of pain (a +0 rapier bloodied by Kikubaaqudgha)
 30372 | Lair:5   | Received a gift from Kikubaaqudgha
 30420 | Lair:8   | Entered Level 8 of the Lair of Beasts
 30689 | Lair:8   | Reached skill level 9 in Fighting
 30816 | Lair:8   | Reached skill level 13 in Short Blades
 30863 | Lair:8   | Reached skill level 6 in Spellcasting
 31449 | Lair:8   | Reached XP level 15. HP: 79/113 MP: 11/24
 31495 | Lair:8   | Reached skill level 11 in Dodging
 31562 | Lair:8   | Got a pair of twisted boots
 31573 | Lair:8   | Identified the +2 pair of boots of the Leaf {*Contam rElec Dex-2 Slay+5} (You found it on level 8 of the Lair of Beasts)
 32035 | Orc:1    | Entered Level 1 of the Orcish Mines
 32186 | Orc:1    | Found a roughly hewn altar of Beogh.
 32432 | Orc:2    | Entered Level 2 of the Orcish Mines
 32513 | Orc:2    | Found a roughly hewn altar of Beogh.
 32516 | Orc:2    | Found Gipeph's General Store.
 32544 | Orc:2    | Bought a scroll of blinking for 105 gold pieces
 32808 | Orc:2    | Found a roughly hewn altar of Beogh.
 33013 | Orc:2    | Noticed Rupert
 33016 | Orc:2    | Killed Rupert
 33022 | Orc:2    | Found a roughly hewn altar of Beogh.
 33065 | Orc:2    | Noticed an orc warlord
 33091 | Orc:2    | Killed an orc warlord
 33091 | Orc:2    | Reached skill level 12 in Necromancy
 33094 | Orc:2    | Found Kekula's Antique Weapon Emporium.
 33111 | Orc:2    | Reached skill level 7 in Spellcasting
 33113 | Orc:2    | Found a roughly hewn altar of Beogh.
 33113 | Orc:2    | Found Tevuf's Antique Armour Shoppe.
 33559 | Orc:2    | Bought a pair of embroidered gloves for 108 gold pieces
 33651 | Orc:2    | Found a roughly hewn altar of Beogh.
 33691 | Orc:2    | Found a roughly hewn altar of Beogh.
 33692 | Orc:2    | Found Nuxeqoomm's Jewellery Emporium.
 33928 | Orc:2    | Found a staircase to the Elven Halls.
 34737 | D:13     | Killed Nessos
 35138 | D:14     | Noticed Snorg
 35145 | D:14     | Killed Snorg
 35185 | D:14     | Reached skill level 10 in Fighting
 35228 | D:14     | Noticed Azrael
 35265 | D:14     | Killed Azrael
 36059 | D:14     | Got a pair of spiked gloves
 36070 | D:14     | Identified the +2 pair of gloves "Qiatt" {+Fly rPois} (You found it on level 14 of the Dungeon)
 36117 | D:14     | Got a pair of bloodstained boots
 36138 | D:14     | Got a slimy rapier
 36139 | D:14     | Identified the +1 rapier "Giant's Toothpick" {flame, *Drain +Inv rPois Str+5} (You found it on level 14 of the Dungeon)
 36144 | D:14     | Got a jewelled blowgun
 36145 | D:14     | Identified the cursed +1 blowgun of Cruel Justice {evade, rElec Stlth+} (You found it on level 14 of the Dungeon)
 36188 | D:14     | Found an iron altar of Okawaru.
 36263 | D:14     | Got an ichor-stained quick blade
 36264 | D:14     | Identified the +3 quick blade "Leuvam" {elec, rN+ MR- MP+9} (You found it on level 14 of the Dungeon)
 36420 | Lair:1   | Reached skill level 12 in Dodging
 36826 | D:15     | Entered Level 15 of the Dungeon
 36841 | D:15     | Reached skill level 14 in Short Blades
 36911 | D:15     | Found a shadowy altar of Dithmenos.
 36952 | D:15     | Found a bloodstained altar of Trog.
 36952 | D:15     | Found a sparkling altar of Nemelex Xobeh.
 37014 | D:15     | Reached skill level 8 in Spellcasting
 37060 | D:15     | Found a staircase to the Depths.
 37192 | D:15     | Reached XP level 16. HP: 107/123 MP: 28/28
 37207 | D:15     | Reached skill level 1 in Throwing
 37300 | D:15     | Reached skill level 13 in Necromancy
 37351 | D:15     | Reached skill level 2 in Throwing
 37645 | D:15     | Noticed a tengu reaver
 37666 | D:15     | Killed a tengu reaver
 37666 | D:15     | Reached skill level 3 in Throwing
 37673 | D:15     | Reached skill level 11 in Fighting
 37935 | D:15     | Noticed a shadow dragon
 38046 | D:15     | Killed a shadow dragon
 38330 | Lair:1   | Identified the +2 pair of boots "Ifomn" {Dex+6} (You found it on level 14 of the Dungeon)
 38353 | Lair:1   | Identified the +5 chain mail of Curiosity {*Contam +Inv rC++ rCorr} (You found it on level 2 of the Lair of Beasts)
 38627 | Spider:1 | Entered Level 1 of the Spider Nest
 38634 | Spider:1 | Reached skill level 1 in Long Blades
 38634 | Spider:1 | Reached skill level 13 in Dodging
 38828 | Spider:1 | Reached skill level 2 in Long Blades
 38973 | Spider:1 | Identified a scroll of acquirement
 39068 | Spider:1 | Reached skill level 3 in Long Blades
 40077 | Spider:2 | Reached skill level 4 in Long Blades
 41305 | Swamp:1  | Entered Level 1 of the Swamp
 41305 | Swamp:1  | Noticed a thorn hunter
 41645 | Lair:3   | Reached skill level 5 in Long Blades
 41823 | Spider:3 | Reached XP level 17. HP: 131/131 MP: 29/29
 41969 | Spider:3 | Got a pair of warped gloves
 41980 | Spider:3 | Identified the +2 pair of gloves of Kuqumeto {rF+ Dex+3} (You acquired it on level 3 of the Spider Nest)
 42216 | Spider:3 | Reached skill level 14 in Necromancy
 42275 | Spider:4 | Entered Level 4 of the Spider Nest
 42877 | Spider:3 | Reached skill level 6 in Long Blades
 44112 | Spider:4 | Reached skill level 7 in Long Blades
 44270 | Spider:4 | Reached skill level 14 in Dodging
 44435 | Spider:4 | Reached skill level 12 in Fighting
 44986 | Spider:4 | Noticed Arachne
 45032 | Spider:4 | Killed Arachne
 45032 | Spider:4 | Reached skill level 8 in Long Blades
 46821 | Spider:4 | Got a gossamer rune of Zot
 47536 | Swamp:1  | Reached skill level 9 in Long Blades
 48073 | Swamp:1  | Reached XP level 18. HP: 124/141 MP: 30/30
 48241 | Swamp:1  | Reached skill level 15 in Necromancy
 49317 | Swamp:2  | Reached skill level 1 in Armour
 49978 | Swamp:3  | Reached skill level 10 in Long Blades
 50778 | Swamp:3  | Reached skill level 15 in Dodging
 50945 | Swamp:4  | Entered Level 4 of the Swamp
 50964 | Swamp:4  | Reached skill level 2 in Armour
 52858 | Swamp:4  | Noticed Kirke
 52882 | Swamp:4  | Killed Kirke
 53421 | Swamp:4  | Noticed a bone dragon
 53542 | Swamp:3  | Killed a bone dragon
 54330 | Swamp:4  | Reached skill level 3 in Armour
 54380 | Swamp:3  | Reached skill level 11 in Long Blades
 54658 | Swamp:4  | Got a decaying rune of Zot
 55142 | Lair:1   | Learned a level 6 spell: Simulacrum
 55147 | Lair:1   | Learned a level 4 spell: Cause Fear
 55502 | D:12     | Bought a wand of hasting (3/9) for 756 gold pieces
 55610 | Orc:2    | Bought the ring of the Mage {Wiz MR++ Int+3} for 517 gold pieces
 55682 | Orc:2    | Bought a potion of curing for 42 gold pieces
 55682 | Orc:2    | Bought a scroll of recharging for 133 gold pieces
 55748 | Elf:1    | Entered Level 1 of the Elven Halls
 55772 | Elf:1    | Reached skill level 1 in Hexes
 55840 | Elf:1    | Found Viutar's Gadget Emporium.
 55939 | Elf:1    | Noticed Agnes
 55942 | Elf:1    | Reached skill level 2 in Hexes
 55951 | Elf:1    | Killed Agnes
 55951 | Elf:1    | Reached skill level 1 in Ice Magic
 55966 | Elf:1    | Reached skill level 13 in Fighting
 56160 | Elf:1    | Found a deep blue altar of Sif Muna.
 56214 | Elf:1    | Reached skill level 2 in Ice Magic
 56263 | Elf:1    | Reached skill level 3 in Hexes
 56263 | Elf:1    | Reached XP level 19. HP: 149/149 MP: 31/31
 56265 | Elf:1    | Got a twitching crystal amulet
 56266 | Elf:1    | Identified the amulet "Ywicibrap" {Dismiss Int+2} (You found it on level 1 of the Elven Halls)
 56269 | Elf:1    | Identified the Almanac of Companions
 56282 | Elf:1    | Learned a level 5 spell: Aura of Abjuration
 56904 | Elf:1    | Reached skill level 4 in Armour
 57413 | Elf:2    | Reached skill level 4 in Hexes
 57423 | Elf:2    | Reached skill level 3 in Ice Magic
 57474 | Elf:2    | Reached skill level 1 in Summonings
 57482 | Elf:2    | Found a runed door.
 57509 | Elf:2    | Found a runed door.
 57683 | Elf:2    | Reached skill level 2 in Summonings
 57697 | Elf:2    | Reached skill level 12 in Long Blades
 57908 | Elf:3    | Entered Level 3 of the Elven Halls
 58042 | Elf:3    | Reached skill level 4 in Ice Magic
 58176 | Elf:3    | Reached skill level 5 in Hexes
 58319 | Elf:3    | Reached skill level 3 in Summonings
 59068 | Elf:3    | Paralysed by a Zot trap for 3 turns
 59431 | Elf:3    | Reached skill level 6 in Hexes
 59641 | Elf:3    | Reached skill level 5 in Ice Magic
 59704 | Elf:3    | Cast into level 2 of the Abyss (a deep elf demonologist)
 59710 | Abyss:2  | Found a stormy altar of Qazlal.
 59870 | Abyss:2  | Found a corrupted altar of Lugonu.
 59876 | Abyss:2  | Found a corrupted altar of Lugonu.
 59881 | Abyss:2  | Found an ancient bone altar of Kikubaaqudgha.
 59890 | Abyss:2  | Found a burning altar of Makhleb.
 60128 | Abyss:2  | Reached skill level 16 in Necromancy
 60675 | Abyss:2  | Found a corrupted altar of Lugonu.
 60840 | Abyss:3  | Reached skill level 4 in Summonings
 60928 | Abyss:3  | Found a shimmering altar of Xom.
 61117 | Abyss:3  | Noticed a lich
 61132 | Abyss:3  | Reached skill level 16 in Dodging
 61142 | Abyss:3  | Got an abyssal rune of Zot
 61209 | Abyss:3  | Reached XP level 20. HP: 144/157 MP: 32/32
 61235 | Abyss:3  | Reached skill level 7 in Hexes
 61251 | Elf:3    | Escaped the Abyss
 61410 | Elf:3    | Reached skill level 13 in Long Blades
 62058 | Elf:3    | Reached skill level 6 in Ice Magic
 63097 | Elf:3    | Identified Veyrot's Catalogue of the Twisted Rocks
 63661 | Elf:1    | Reached skill level 8 in Hexes
 63661 | Elf:1    | Reached skill level 5 in Summonings
 63919 | Vaults:1 | Entered Level 1 of the Vaults
 64336 | Slime:1  | Entered Level 1 of the Pits of Slime
 64496 | Slime:3  | Gained mutation: You have sharp fingernails. [a shining eye]
 64499 | Slime:3  | Lost mutation: You have sharp fingernails. [a shining eye]
 65473 | Slime:3  | Gained mutation: You tend to lose your temper in combat. [a shining eye]
 65923 | Slime:5  | Reached skill level 7 in Ice Magic
 66145 | Lair:1   | Learned a level 2 spell: Passwall
 66787 | Slime:5  | Reached skill level 6 in Summonings
 66979 | Slime:5  | Reached skill level 1 in Earth Magic
 67309 | Slime:6  | Entered Level 6 of the Pits of Slime
 67360 | Slime:6  | Reached skill level 14 in Long Blades
 67462 | Slime:6  | Reached skill level 3 in Transmutations
 67598 | Slime:6  | Reached skill level 2 in Earth Magic
 67640 | Slime:6  | Found a viscous altar of Jiyva.
 67744 | Slime:6  | Noticed the Royal Jelly
 67910 | Slime:6  | HP: 4/158 [acid blob[the Royal Jelly] (35)]
 67910 | Slime:6  | Splashed by an acid blob's acid

Skill      XL: |  1  2  3  4  5  6  7  8  9 10 11 12 13 14 15 16 17 18 19 20 |
---------------+-------------------------------------------------------------+-----
Stealth        | 2 4 5 7 8 10 12 14 16 17 19 20 | 20.0
Short Blades   | 1 2 3 5 6 7 9 10 12 13 14 | 14.0
Necromancy     | 3 6 8 9 10 11 12 13 14 15 16 | 16.0
Fighting       | 2 4 6 7 9 10 11 12 13 | 13.9
Shields        | 2 4 5 |  5.0
Dodging        | 3 5 7 9 10 12 13 14 15 16 | 16.5
Spellcasting   | 3 5 6 8 |  8.9
Throwing       | 3 |  3.6
Long Blades    | 5 9 11 12 14 | 14.2
Armour         | 3 4 |  4.0
Hexes          | 3 6 8 |  8.0
Ice Magic      | 2 5 7 |  7.5
Summonings     | 4 6 |  6.4
Earth Magic    | 2 |  2.2
Transmutations | 3 |  3.0
Unarmed Combat | |  3.2

Action                   |  1- 3 |  4- 6 |  7- 9 | 10-12 | 13-15 | 16-18 | 19-21 || total
-------------------------+-------+-------+-------+-------+-------+-------+-------++-------
Melee: Unarmed           |     5 |     1 |       |       |       |       |       ||     6
       Short sword       |    97 |   125 |    34 |       |       |       |       ||   256
       Bite              |    12 |    19 |    51 |   124 |   258 |   249 |   173 ||   886
       Dagger            |       |   101 |   235 |       |       |       |       ||   336
       Punch             |       |     4 |    11 |       |       |     7 |     3 ||    25
       Rapier            |       |       |   223 |   910 |  1840 |  1812 |  1087 ||  5872
       Long sword        |       |       |       |       |    24 |       |       ||    24
       Scimitar          |       |       |       |       |    38 |   112 |       ||   150
       Great sword       |       |       |       |       |       |       |    59 ||    59
Throw: Throwing net      |       |       |       |     3 |       |       |       ||     3
       Javelin           |       |       |       |       |     3 |       |       ||     3
       Tomahawk          |       |       |       |       |       |     5 |     5 ||    10
 Cast: Sticks to Snakes  |     3 |     4 |       |    13 |       |     1 |       ||    21
       Vampiric Draining |       |       |    20 |   113 |   104 |   178 |    91 ||   506
       Animate Skeleton  |       |       |       |    45 |    32 |       |     3 ||    80
       Corpse Rot        |       |       |       |    19 |    29 |     6 |       ||    54
       Dispel Undead     |       |       |       |       |     4 |    41 |     3 ||    48
       Death Channel     |       |       |       |       |     3 |     5 |     9 ||    17
       Simulacrum        |       |       |       |       |       |       |     6 ||     6
Invok: Receive Corpses   |       |       |       |     9 |    13 |       |     3 ||    25
       Brand Weapon With |       |       |       |       |     1 |       |       ||     1
 Abil: Evoke Flight      |       |       |       |       |       |    17 |       ||    17
Evoke: Wand              |       |       |     9 |    12 |     4 |     6 |     8 ||    39
       Phial of floods   |       |       |       |       |       |       |     1 ||     1
  Use: Potion            |     5 |     5 |     8 |    11 |     2 |    17 |    20 ||    68
       Scroll            |       |     5 |     6 |    12 |    17 |    19 |     9 ||    68
 Stab: Sleeping          |    10 |     8 |    32 |    63 |   148 |    72 |    68 ||   401
       Distracted        |       |     1 |     3 |     7 |    16 |    19 |    16 ||    62
       Invisible         |       |       |       |     3 |       |     1 |    12 ||    16
       Held in net/web   |       |       |       |     2 |       |       |       ||     2
       Confused          |       |       |       |       |     2 |     1 |       ||     3
  Eat: Corpse            |       |       |     1 |     4 |     2 |       |       ||     7
Armor: Robe              |    15 |    25 |    66 |   114 |   246 |   292 |   128 ||   886
       Ring mail         |       |       |       |    14 |       |       |       ||    14
Dodge: Dodged            |    35 |   119 |   226 |   480 |   942 |  1333 |   714 ||  3849
Block: Other             |       |    13 |    60 |    18 |       |    29 |    22 ||   142
       Reflection        |       |       |     1 |     7 |    16 |     9 |    28 ||    61
       Buckler           |       |       |       |   302 |   756 |   827 |   311 ||  2196
